PBL
NEW JERSEY DEVILS @ DETROIT RED WINGS
09/07/2044
 
TOP OF THE 1ST
New Jersey Devils batting - Pitching for Detroit Red Wings : RHP Chris Wilkerson
Pitching: RHP Chris Wilkerson
Batting: LHB Matt Baker 0-0: Ball
1-0: Ball
2-0: Foul Ball, location: 2F
2-1: SINGLE (Groundball, 6M, EV 91.9 MPH) (infield hit)
Batting: SHB Jason Caruso 0-0: Foul Ball, location: 2F
0-1: Ball
1-1: Ball
2-1: Ball
Matt Baker steals 2nd base
3-1: Base on Balls
Batting: LHB Bayesa Mundhir 0-0: Ball
1-0: Called Strike
1-1: Fielders Choice at 2nd, 5-4 (Groundball, 5, EV 105.0 MPH)
Matt Baker to third
Batting: RHB Bobby Coulombe 0-0: Fly out, F7 (Flyball, 7, EV 90.6 MPH)
Runner from 3rd tags up, SCORES, throw by LF
Batting: SHB Alex Cavazos 0-0: Ball
1-0: Fly out, F2 (Popup, 13S, EV 83.1 MPH)
Top of the 1st over - 1 run, 1 hit, 0 errors, 1 left on base; New Jersey 1 - Detroit 0
BOTTOM OF THE 1ST
Detroit Red Wings batting - Pitching for New Jersey Devils : RHP Jason Jones
Pitching: RHP Jason Jones
Batting: RHB Tony Nunez 0-0: Ball
1-0: SINGLE (Groundball, 56D, EV 101.3 MPH)
Batting: RHB Carlos Armenteros 0-0: Ball
1-0: Ball
2-0: Ball
3-0: Called Strike
3-1: Foul Ball, location: 2F
3-2: Foul Ball, location: 2F
3-2: Strikes out swinging
Batting: RHB Tony Soto 0-0: Called Strike
0-1: Ball
1-1: Ball
2-1: Grounds into double play, 6-4-3 (Groundball, 6, EV 83.1 MPH)
Bottom of the 1st over - 0 runs, 1 hit, 0 errors, 0 left on base; New Jersey 1 - Detroit 0
TOP OF THE 2ND
New Jersey Devils batting - Pitching for Detroit Red Wings : RHP Chris Wilkerson
Batting: RHB Chris Artz 0-0: Swinging Strike
0-1: Ball
1-1: Ball
2-1: Ball
3-1: Base on Balls
Batting: SHB Jerry Burrows 0-0: Ball
1-0: SINGLE (Line Drive, 8RM, EV 86.9 MPH)
Chris Artz to second
Batting: RHB Brian Bonin 0-0: Fly out, F4 (Flyball, 4D, EV 88.1 MPH)
Batting: RHB Mike Hanks 0-0: Grounds into double play, 4-6-3 (Groundball, 4, EV 91.9 MPH)
Top of the 2nd over - 0 runs, 1 hit, 0 errors, 1 left on base; New Jersey 1 - Detroit 0
BOTTOM OF THE 2ND
Detroit Red Wings batting - Pitching for New Jersey Devils : RHP Jason Jones
Batting: LHB Brad Gaskill 0-0: Ball
1-0: Hit by Pitch
Batting: LHB Glen Boyle 0-0: Called Strike
0-1: Swinging Strike
0-2: Ball
1-2: Foul Ball, location: 2F
1-2: Single, Error in OF, E9, batter to second base (Groundball, 34D, EV 103.8 MPH)
Brad Gaskill to third
Batting: RHB Khalil Coleman 0-0: Ball
1-0: Ball
2-0: Ball
3-0: Called Strike
3-1: Base on Balls
Batting: LHB Steve Herrera 0-0: Ball
1-0: Ball
2-0: Swinging Strike
2-1: Ball
3-1: Foul Ball, location: 2F
3-2: Strikes out swinging
Batting: RHB Juan Perez 0-0: Ball
1-0: Ball
2-0: Foul Ball, location: 2F
2-1: Foul Ball, location: 2F
2-2: Strikes out swinging
Batting: LHB Isao Fukui 0-0: Ground out U3 (Groundball, 3L, EV 80.6 MPH)
Bottom of the 2nd over - 0 runs, 1 hit, 1 error, 3 left on base; New Jersey 1 - Detroit 0
TOP OF THE 3RD
New Jersey Devils batting - Pitching for Detroit Red Wings : RHP Chris Wilkerson
Batting: LHB Matt Baker 0-0: Ball
1-0: Foul Ball, location: 2F
1-1: Fly out, F8 (Flyball, 8LD, EV 87.5 MPH)
Batting: SHB Jason Caruso 0-0: Ball
1-0: Ball
2-0: Called Strike
2-1: Ball
3-1: Fly out, F9 (Line Drive, 9D, EV 96.9 MPH)
Batting: LHB Bayesa Mundhir 0-0: Called Strike
0-1: Fly out, F4 (Line Drive, 4, EV 70.6 MPH)
Top of the 3rd over - 0 runs, 0 hits, 0 errors, 0 left on base; New Jersey 1 - Detroit 0
BOTTOM OF THE 3RD
Detroit Red Wings batting - Pitching for New Jersey Devils : RHP Jason Jones
Batting: RHB Tony Nunez 0-0: Ground out 5-3 (Groundball, 56, EV 86.9 MPH)
Batting: RHB Carlos Armenteros 0-0: Foul Ball, location: 2F
0-1: Foul Ball, location: 2F
0-2: Ball
1-2: Strikes out swinging
Batting: RHB Tony Soto 0-0: Ball
1-0: Called Strike
1-1: Ground out 5-3 (Groundball, 56, EV 83.8 MPH)
Bottom of the 3rd over - 0 runs, 0 hits, 0 errors, 0 left on base; New Jersey 1 - Detroit 0
TOP OF THE 4TH
New Jersey Devils batting - Pitching for Detroit Red Wings : RHP Chris Wilkerson
Batting: RHB Bobby Coulombe 0-0: Ball
1-0: Ball
2-0: Ball
3-0: Base on Balls
Batting: SHB Alex Cavazos 0-0: Swinging Strike
0-1: Ball
Bobby Coulombe is caught stealing 2nd base 2-6
1-1: Swinging Strike
1-2: Foul Ball, location: 2F
1-2: SINGLE (Flyball, 8RS, EV 95.6 MPH)
Batting: RHB Chris Artz 0-0: Ball
1-0: Fly out, F7 (Flyball, 78D, EV 97.5 MPH)
Batting: SHB Jerry Burrows 0-0: Called Strike
0-1: Fly out, F9 (Flyball, 9, EV 95.0 MPH)
Top of the 4th over - 0 runs, 1 hit, 0 errors, 1 left on base; New Jersey 1 - Detroit 0
BOTTOM OF THE 4TH
Detroit Red Wings batting - Pitching for New Jersey Devils : RHP Jason Jones
Batting: LHB Brad Gaskill 0-0: Ball
1-0: Ball
2-0: Ball
3-0: Called Strike
3-1: Foul Ball, location: 2F
3-2: Base on Balls
Batting: LHB Glen Boyle 0-0: Fly out, F9 (Flyball, 9D, EV 88.8 MPH)
Batting: RHB Khalil Coleman 0-0: Ball
1-0: Ball
Wild Pitch!
Brad Gaskill to second
2-0: Called Strike
2-1: Ball
3-1: Called Strike
3-2: Foul Ball, location: 2F
3-2: SINGLE (Groundball, 4MD, EV 106.3 MPH)
Brad Gaskill to third
Runner from 3rd tries for Home, SAFE, throw by CF to home
Khalil Coleman to second
Batting: LHB Steve Herrera 0-0: Called Strike
0-1: Ball
1-1: Ball
2-1: Foul Ball, location: 2F
2-2: Ball
3-2: SINGLE (Groundball, 34D, EV 108.8 MPH)
Khalil Coleman to third
Runner from 3rd tries for Home, SAFE, throw by RF to home
Batting: RHB Juan Perez 0-0: Ball
1-0: Ball
2-0: Foul Ball, location: 2F
2-1: Swinging Strike
2-2: Strikes out swinging
Batting: LHB Isao Fukui 0-0: Ground out 4-3 (Groundball, 34, EV 90.6 MPH)
Bottom of the 4th over - 2 runs, 2 hits, 0 errors, 1 left on base; New Jersey 1 - Detroit 2
TOP OF THE 5TH
New Jersey Devils batting - Pitching for Detroit Red Wings : RHP Chris Wilkerson
Batting: RHB Brian Bonin 0-0: Called Strike
0-1: Foul Ball, location: 2F
0-2: Ball
1-2: Ball
2-2: Ball
3-2: SINGLE (Groundball, 6MS, EV 66.3 MPH) (infield hit)
Batting: RHB Mike Hanks 0-0: Called Strike
0-1: Ball
1-1: Hit by Pitch
Brian Bonin to second
Batting: LHB Matt Baker 0-0: Fielders Choice at 2nd, 4-6 (Groundball, 4, EV 85.6 MPH)
Brian Bonin to third
Batting: SHB Jason Caruso 0-0: Called Strike
Matt Baker steals 2nd base
0-1: Called Strike
0-2: Ground out 4-3 (Groundball, 4, EV 104.4 MPH)
Batting: LHB Bayesa Mundhir 0-0: Ball
1-0: Ball
2-0: Foul Ball, location: 2F
2-1: Ball
3-1: DOUBLE (Flyball, 89D, EV 93.8 MPH)
Brian Bonin scores
Matt Baker scores
Batting: RHB Bobby Coulombe 0-0: Called Strike
0-1: Ball
1-1: Ball
2-1: Foul Ball, location: 2F
2-2: Ground out 5-3 (Groundball, 5S, EV 84.4 MPH)
Top of the 5th over - 2 runs, 2 hits, 0 errors, 1 left on base; New Jersey 3 - Detroit 2
BOTTOM OF THE 5TH
Detroit Red Wings batting - Pitching for New Jersey Devils : RHP Jason Jones
Batting: RHB Tony Nunez 0-0: Called Strike
0-1: Fly out, F7 (Flyball, 7, EV 89.4 MPH)
Batting: RHB Carlos Armenteros 0-0: Called Strike
0-1: Swinging Strike
0-2: Strikes out looking
Batting: RHB Tony Soto 0-0: Ground out 6-3 (Groundball, 6, EV 90.6 MPH)
Bottom of the 5th over - 0 runs, 0 hits, 0 errors, 0 left on base; New Jersey 3 - Detroit 2
TOP OF THE 6TH
New Jersey Devils batting - Pitching for Detroit Red Wings : RHP Chris Wilkerson
Batting: SHB Alex Cavazos 0-0: Called Strike
0-1: Called Strike
0-2: Strikes out swinging
Batting: RHB Chris Artz 0-0: Ball
1-0: Ground out 6-3 (Groundball, 6, EV 102.5 MPH)
Batting: SHB Jerry Burrows 0-0: Ball
1-0: Foul Ball, location: 2F
1-1: Ball
2-1: Foul Ball, location: 2F
2-2: Ball
3-2: SINGLE (Line Drive, 8RS, EV 97.5 MPH)
Batting: RHB Brian Bonin 0-0: Called Strike
0-1: Ball
1-1: Ball
2-1: Swinging Strike
2-2: Ball
3-2: Base on Balls
Jerry Burrows to second
Batting: RHB Mike Hanks 0-0: Ball
1-0: Called Strike
1-1: Foul Ball, location: 2F
1-2: Ball
2-2: Strikes out swinging
Top of the 6th over - 0 runs, 1 hit, 0 errors, 2 left on base; New Jersey 3 - Detroit 2
BOTTOM OF THE 6TH
Detroit Red Wings batting - Pitching for New Jersey Devils : RHP Jason Jones
Batting: LHB Brad Gaskill 0-0: Called Strike
0-1: TRIPLE (Flyball, 78XD, EV 101.9 MPH)
Batting: LHB Glen Boyle 0-0: Called Strike
0-1: Ball
1-1: Swinging Strike
1-2: Foul Ball, location: 2F
1-2: Ball
2-2: Ball
3-2: Hit by Pitch
Batting: RHB Khalil Coleman 0-0: SINGLE (Groundball, 6MD, EV 98.1 MPH)
Brad Gaskill scores
Glen Boyle to second
Batting: LHB Steve Herrera 0-0: Called Strike
0-1: Ball
1-1: Swinging Strike
1-2: Strikes out swinging
Batting: RHB Juan Perez 0-0: Ball
1-0: Ball
2-0: Called Strike
2-1: Fly out, F7 (Flyball, 78D, EV 89.4 MPH)
Batting: LHB Isao Fukui 0-0: Ball
1-0: DOUBLE (Flyball, 78D, EV 100.0 MPH)
Glen Boyle scores
Khalil Coleman to third
Batting: RHB Tony Nunez 0-0: Foul Ball, location: 2F
0-1: Swinging Strike
0-2: Ball
1-2: Strikes out swinging
Bottom of the 6th over - 2 runs, 3 hits, 0 errors, 2 left on base; New Jersey 3 - Detroit 4
TOP OF THE 7TH
New Jersey Devils batting - Pitching for Detroit Red Wings : RHP Chris Wilkerson
Batting: LHB Matt Baker 0-0: Called Strike
0-1: Foul Ball, location: 2F
0-2: Ball
1-2: SINGLE (Groundball, 4MS, EV 68.8 MPH) (infield hit)
Batting: SHB Jason Caruso 0-0: Ball
1-0: Bunted foul
1-1: Called Strike
1-2: Ball
2-2: Ball
3-2: Fly out, F4 (Popup, 4S, EV 40.0 MPH)
Batting: LHB Bayesa Mundhir 0-0: Ball
1-0: Foul Ball, location: 2F
1-1: SINGLE (Line Drive, 4D, EV 98.1 MPH)
Matt Baker to second
Runner from 2nd tries for 3rd, SAFE, throw by RF made to third
Batting: RHB Bobby Coulombe 0-0: Ball
1-0: Called Strike
1-1: Ball
2-1: Swinging Strike
2-2: Fly out, F9 (Flyball, 9LD, EV 97.5 MPH)
Runner from 3rd tags up, SCORES, throw by RF
Batting: SHB Alex Cavazos 0-0: Ball
1-0: SINGLE (Line Drive, 89S, EV 98.8 MPH)
Bayesa Mundhir to second
Batting: RHB Chris Artz 0-0: Ball
1-0: Swinging Strike
1-1: Swinging Strike
1-2: Strikes out swinging
Top of the 7th over - 1 run, 3 hits, 0 errors, 2 left on base; New Jersey 4 - Detroit 4
BOTTOM OF THE 7TH
Detroit Red Wings batting - Pitching for New Jersey Devils : RHP Jason Jones
Batting: RHB Carlos Armenteros 0-0: Ball
1-0: Ball
2-0: Fly out, F9 (Flyball, 9, EV 86.9 MPH)
Batting: RHB Tony Soto 0-0: SINGLE (Groundball, 6MD, EV 110.0 MPH)
Batting: LHB Brad Gaskill 0-0: Called Strike
0-1: Ball
1-1: Ball
2-1: Ball
Wild Pitch!
Tony Soto to second
3-1: Called Strike
3-2: Base on Balls
Pitching: LHP Dan Bremseth
Batting: LHB Glen Boyle 0-0: Ball
1-0: Called Strike
1-1: Ball
2-1: Called Strike
2-2: Ball
3-2: Base on Balls
Tony Soto to third
Brad Gaskill to second
Batting: RHB Khalil Coleman 0-0: Ball
1-0: Foul Ball, location: 2F
1-1: Ball
2-1: Ball
3-1: SINGLE (Groundball, 56, EV 95.6 MPH)
Tony Soto scores
Brad Gaskill to third
Glen Boyle to second
Batting: LHB Steve Herrera 0-0: Called Strike
0-1: Ball
1-1: Ball
2-1: Ball
3-1: Base on Balls
Brad Gaskill scores
Glen Boyle to third
Khalil Coleman to second
Batting: RHB Juan Perez 0-0: Swinging Strike
0-1: Ball
1-1: Ball
2-1: Foul Ball, location: 2F
2-2: Foul Ball, location: 2F
2-2: Fly out, F9 (Line Drive, 9, EV 95.0 MPH)
Throwing error, E9
Glen Boyle scores
Khalil Coleman to third
Steve Herrera to second
Batting: LHB Isao Fukui 0-0: Foul Ball, location: 2F
0-1: Ball
1-1: Ground out U3 (Groundball, 3, EV 93.1 MPH)
Bottom of the 7th over - 3 runs, 2 hits, 1 error, 2 left on base; New Jersey 4 - Detroit 7
TOP OF THE 8TH
New Jersey Devils batting - Pitching for Detroit Red Wings : RHP Chris Wilkerson
Batting: SHB Jerry Burrows 0-0: SINGLE (Groundball, 4D, EV 108.1 MPH)
Batting: RHB Brian Bonin 0-0: Fly out, F4 (Flyball, 34D, EV 91.3 MPH)
Batting: RHB Mike Hanks 0-0: Called Strike
0-1: Fly out, F4 (Popup, 3D, EV 53.1 MPH)
Pitching: RHP Adam Fisher
Batting: LHB Matt Baker 0-0: Ball
1-0: Called Strike
1-1: Swinging Strike
1-2: Ball
2-2: Ball
3-2: SINGLE (Line Drive, 6D, EV 95.0 MPH)
Jerry Burrows to second
Jerry Burrows to third
Batting: SHB Jason Caruso 0-0: Ball
1-0: 3-RUN HOME RUN (Flyball, 9D, EV 101.3 MPH), Distance : 385 ft
Batting: LHB Bayesa Mundhir 0-0: Ball
1-0: SINGLE (Groundball, 34D, EV 106.9 MPH)
Pinch Runner at 1st Larry Shoop:
Batting: RHB Bobby Coulombe 0-0: Called Strike
0-1: Swinging Strike
0-2: Ball
1-2: Ball
2-2: Strikes out swinging
Top of the 8th over - 3 runs, 4 hits, 0 errors, 1 left on base; New Jersey 7 - Detroit 7
BOTTOM OF THE 8TH
Detroit Red Wings batting - Pitching for New Jersey Devils : LHP Dan Bremseth
Pitching: RHP Jose Lara
Batting: RHB Tony Nunez 0-0: Ball
1-0: Ball
2-0: Called Strike
2-1: Ball
3-1: Base on Balls
Batting: RHB Carlos Armenteros 0-0: Ball
1-0: Ball
2-0: Foul Ball, location: 2F
2-1: Sac Bunt to 23 - play at first, batter OUT! 3-4
Tony Nunez to second
Batting: RHB Tony Soto 0-0: Ball
1-0: Ball
2-0: Swinging Strike
2-1: Swinging Strike
2-2: Strikes out swinging
Batting: LHB Brad Gaskill 0-0: Called Strike
0-1: Foul Ball, location: 2F
0-2: Ball
1-2: Ball
2-2: Foul Ball, location: 2F
2-2: Strikes out swinging
Bottom of the 8th over - 0 runs, 0 hits, 0 errors, 1 left on base; New Jersey 7 - Detroit 7
TOP OF THE 9TH
New Jersey Devils batting - Pitching for Detroit Red Wings : RHP Adam Fisher
Pitching: LHP George Moran
Batting: SHB Alex Cavazos 0-0: Ball
1-0: Called Strike
1-1: SINGLE (Groundball, 34D, EV 110.0 MPH)
Batting: RHB Chris Artz 0-0: Ball
1-0: Called Strike
1-1: Ball
2-1: Swinging Strike
2-2: Ball
3-2: Fly out, F8 (Flyball, 8LD, EV 100.6 MPH)
Batting: SHB Jerry Burrows 0-0: Called Strike
0-1: Swinging Strike
0-2: Ball
1-2: Ball
2-2: Ball
3-2: Base on Balls
Alex Cavazos to second
Batting: RHB Brian Bonin 0-0: Foul Ball, location: 2F
0-1: Foul Ball, location: 2F
0-2: Ball
1-2: Foul Ball, location: 2F
1-2: Ball
2-2: Foul Ball, location: 2F
2-2: Reached via error on a dropped throw from SS, E4 (Groundball, 6, EV 99.4 MPH)
Alex Cavazos to third
Jerry Burrows to second
Pinch Hitting: SHB Nick Daigle 0-0: SINGLE (Groundball, 4D, EV 97.5 MPH)
Alex Cavazos scores
Jerry Burrows to third
Brian Bonin to second
Batting: LHB Matt Baker 0-0: SINGLE (Groundball, 4M, EV 93.8 MPH)
Jerry Burrows scores
Brian Bonin to third
Nick Daigle to second
Runner from 3rd tries for Home, SAFE, throw by CF to home
Batting: SHB Jason Caruso 0-0: Foul Ball, location: 2F
0-1: Foul Ball, location: 2F
0-2: Foul Ball, location: 2F
0-2: Foul Ball, location: 2F
0-2: Strikes out swinging
Batting: RHB Larry Shoop 0-0: Called Strike
0-1: Ball
1-1: Ball
2-1: Ball
3-1: Foul Ball, location: 2F
3-2: Foul Ball, location: 2F
3-2: Foul Ball, location: 2F
3-2: 3-RUN HOME RUN (Flyball, 7D, EV 102.5 MPH), Distance : 391 ft
Batting: RHB Bobby Coulombe 0-0: Ball
1-0: Called Strike
1-1: Ball
2-1: SINGLE (Groundball, 6S, EV 75.0 MPH) (infield hit)
Batting: SHB Alex Cavazos 0-0: Called Strike
0-1: Ball
1-1: Foul Ball, location: 2F
1-2: Ball
2-2: Fielders Choice at 2nd, 6-4 (Groundball, 6, EV 105.0 MPH)
Top of the 9th over - 6 runs, 5 hits, 1 error, 1 left on base; New Jersey 13 - Detroit 7
BOTTOM OF THE 9TH
Detroit Red Wings batting - Pitching for New Jersey Devils : RHP Jose Lara
Now at 1B: Justin Wallace
Batting: LHB Glen Boyle 0-0: Foul Ball, location: 2F
0-1: Ball
1-1: SINGLE (Groundball, 6MD, EV 98.1 MPH)
Batting: RHB Khalil Coleman 0-0: Ball
1-0: Fly out, F9 (Line Drive, 9D, EV 88.8 MPH)
Batting: LHB Steve Herrera 0-0: Foul Ball, location: 2F
0-1: Foul Ball, location: 2F
0-2: Foul Ball, location: 2F
0-2: Ball
1-2: Foul Ball, location: 2F
1-2: Ball
2-2: Strikes out swinging
Batting: RHB Juan Perez 0-0: Foul Ball, location: 2F
0-1: Ball
1-1: Foul Ball, location: 2F
1-2: Ball
2-2: Strikes out swinging
Bottom of the 9th over - 0 runs, 1 hit, 0 errors, 1 left on base; New Jersey 13 - Detroit 7
Thursday, March 31st , 2022 - OOTP Baseball 22.12 Build 89